 Dungeon Sprint DCSS version 0.29.1-15-g9cfb28693d (webtiles) character file.

Game seed: 17552843894931131035

2713 Groucho the Covert (level 9, -22/39 HPs)
             Began as a Spriggan Earth Elementalist on Apr 29, 2023.
             Was the Champion of Dithmenos.
             Annihilated by Arachne
             ... wielding a staff of poison
              (30 damage)
             ... in the Dungeon (Sprint VII: "The Pits").
             The game lasted 00:09:45 (2950 turns).

Groucho the Covert (Spriggan Earth Elementalist)    Turns: 2950, Time: 00:09:46

Health: -22/39     AC:  3    Str:  8    XL:     9   Next: 39%
Magic:  10/24      EV: 27    Int: 20    God:    Dithmenos [******]
Gold:   0          SH:  0    Dex: 15    Spells: 25/29 levels left

rFire   . . .      SeeInvis +   h - +2 dagger
rCold   . . .      Faith    .   (no shield)
rNeg    . . .      Spirit   .   a - +0 robe
rPois   .          Reflect  .   (helmet restricted)
rElec   .          Harm     .   r - +0 cloak
rCorr   .          Rampage  .   (gloves unavailable)
Will    +....      NoTele   +   (boots unavailable)
Stlth   ++++++++++              (no amulet)
HPRegen 0.13/turn               n - +3 ring of evasion
MPRegen 0.19/turn               o - +3 ring of intelligence

@: wreathed by umbra, very quick
A: very small, no large weapons, unfitting armour, see invisible, speed 3
a: Renounce Religion, Shadow Step, Shadow Form


You were in the Dungeon.
You worshipped Dithmenos.
Dithmenos was exalted by your worship.
You visited 1 branch

Inventory:

Hand Weapons
 h - a +2 dagger (weapon)
 m - a +0 shortbow
 q - a +2 rapier of flaming
Missiles
 j - 8 stones (quivered)
Armour
 a - a +0 robe (worn)
 r - a +0 cloak (worn)
Jewellery
 n - a +3 ring of evasion (left hand)
 o - a +3 ring of intelligence (right hand)
Scrolls
 g - a scroll of blinking
 k - 5 scrolls of amnesia
 l - a scroll of summoning
Potions
 b - 5 potions of magic
 c - 6 potions of curing
 d - 8 potions of heal wounds
 e - a potion of haste
 f - 3 potions of berserk rage
 i - 2 potions of invisibility
 p - 5 potions of mutation


   Skills:
 + Level 8.2 Short Blades
 + Level 11.7 Dodging
 + Level 13.8 Stealth
 + Level 10.8 Spellcasting
 + Level 5.6 Conjurations
 - Level 1.3 Transmutations
 + Level 8.6 Earth Magic
 + Level 7.7 Invocations


You had 25 spell levels left.
You knew the following spells:

 Your Spells              Type           Power      Damage    Failure   Level
a - Sandblast             Erth           90%        2d19      1%          1
b - Stone Arrow           Conj/Erth      78%        3d11      1%          3

Your spell library contained the following spells:

 Spells                   Type           Power      Damage    Failure   Level
 Passwall                 Tmut/Erth      25%        N/A       1%          2
 Petrify                  Tmut/Erth      30%        N/A       9%          4


Dungeon Overview and Level Annotations

Branches:
Dungeon (1/1)

Altars:
Ashenzari
Cheibriados
Dithmenos
Elyvilon
Fedhas
Gozag
Hepliaklqana
Kikubaaqudgha
Makhleb
Nemelex Xobeh
Okawaru
Qazlal
Ru
Sif Muna
Trog
Uskayaw
Vehumet
Wu Jian
Xom
Yredelemnul
Zin
The Shining One
Jiyva
Lugonu

Annotations:
D Arachne


Innate Abilities, Weirdness & Mutations

You are very small and have problems with some larger weapons.
You are too small for most types of armour.
You have supernaturally acute eyesight. (SInv)
You cover ground extremely quickly. (Speed+++)


Message History

Arachne is lightly wounded.
A cyclops comes into view.
Unknown command.
Unknown command.
Unknown command.
Casting: Stone Arrow (safe; 1% risk of failure)
Confirm with . or Enter, or press ? or * to list all spells.
Aiming: Stone Arrow (safe; 1% risk of failure)
Press: ? - help, Shift-Dir - straight line, f/p - hell hound
Aim: a hell hound (severely wounded, catching its breath, umbra, 64% to hit)
The stone arrow hits Arachne!
Arachne is lightly wounded.
A hell hound comes into view.
Unknown command.
Unknown command.
Unknown command.
There is an open door, spattered with blood here.
Arachne points her staff at you, shooting a stream of webbing.
The stream of webbing hits you but does no damage.
You are caught in a web!
There is a web here.
The web tears apart.
Arachne points her staff at you, shooting a stream of webbing.
The stream of webbing misses you. The hell hound breathes flames at you.
The blast of flame hits you!
* * * LOW HITPOINT WARNING * * *
Unknown command.
Casting: Stone Arrow (safe; 1% risk of failure)
Confirm with . or Enter, or press ? or * to list all spells.
Aiming: Stone Arrow (safe; 1% risk of failure)
Press: ? - help, Shift-Dir - straight line, f/p - hell hound
Aim: a hell hound (severely wounded, umbra, 64% to hit)
The stone arrow hits Arachne!
Arachne is lightly wounded.
Your shadow mimicks your spell!
The shadow shard hits Arachne!!
Arachne hits you with a staff of poison!!
Ouch! That really hurt!
You die...

)#####'#####''######
)##.......##''################
)##.......##..#p.............#
[##.......##..##l.o..)).......
###...<...##..#### #)#
.##.......##..#..#####)##
.##.......##..#....##§§§# #
###.......##..'....)#§§§#...#
.###########..'.@Hh.§§§§hC..'
############..'..h..#§§§#...#
#....#..[[##..#....##§§.# #
#....#..[.##..#..#####.##
'....'..))##..#### #'#
#....#...)##..# ..
#....#..))##..# ...
############### ###


You could see Arachne and 2 hell hounds.

Vanquished Creatures
  A hydra (D)
  A lindwurm (D)
  A merfolk siren (D)
  An eye of devastation (D)
  A basilisk (D)
  A steam dragon (D)
  A floating eye (D)
  A sky beast (D)
  An ogre (D)
  An ice beast (D)
  A centaur (D)
  A gnoll sergeant (D)
  A jelly (D)
  A hound (D)
  An orc priest (D)
  Crazy Yiuf (D)
  An orc wizard (D)
  A mummy (D)
  4 gnolls (D)
  2 river rats (D)
  A white imp (D)
  3 orcs (D)
  A ball python (D)
  An endoplasm (D)
  2 giant cockroaches (D)
  A goblin (D)
  A hobgoblin (D)
  4 jackals (D)
  A quokka (D)
  A rat (D)
40 creatures vanquished.

Notes
Turn   | Place    | Note
-------+----------+-------------------------------------------
     0 | D        | Groucho the Spriggan Earth Elementalist began the quest for
                  | the Orb.
     0 | D        | Reached XP level 1. HP: 9/9 MP: 5/5
     8 | D        | Noticed a floating eye
    10 | D        | Killed a floating eye
    11 | D        | Reached skill level 7 in Stealth
    11 | D        | Reached skill level 5 in Spellcasting
    11 | D        | Reached XP level 2. HP: 13/13 MP: 3/9
    11 | D        | Reached XP level 3. HP: 16/16 MP: 3/11
    11 | D        | Reached XP level 4. HP: 21/21 MP: 3/12
    37 | D        | Found a glowing golden altar of the Shining One.
    37 | D        | Found a glowing silver altar of Zin.
    37 | D        | Found a basalt altar of Yredelemnul.
    37 | D        | Found a shimmering altar of Xom.
    37 | D        | Found an ornate altar of the Wu Jian Council.
    37 | D        | Found a bloodstained altar of Trog.
    37 | D        | Found a shimmering blue altar of Sif Muna.
    37 | D        | Found a sacrificial altar of Ru.
    37 | D        | Found a stormy altar of Qazlal.
    37 | D        | Found an iron altar of Okawaru.
    37 | D        | Found a sparkling altar of Nemelex Xobeh.
    37 | D        | Found a burning altar of Makhleb.
    37 | D        | Found a viscous altar of Jiyva.
    37 | D        | Found a hazy altar of Hepliaklqana.
    37 | D        | Found an opulent altar of Gozag.
    37 | D        | Found a blossoming altar of Fedhas.
    37 | D        | Found a white marble altar of Elyvilon.
    37 | D        | Found a shadowy altar of Dithmenos.
    37 | D        | Found a snail-covered altar of Cheibriados.
    38 | D        | Found a radiant altar of Vehumet.
    38 | D        | Found a corrupted altar of Lugonu.
    39 | D        | Found an ancient bone altar of Kikubaaqudgha.
    39 | D        | Found a hide-covered altar of Uskayaw.
    39 | D        | Found a broken altar of Ashenzari.
    46 | D        | Became a worshipper of Dithmenos the Shadowed
   324 | D        | Learned a level 3 spell: Stone Arrow
   325 | D        | Reached * piety under Dithmenos
   548 | D        | Reached ** piety under Dithmenos
   550 | D        | Reached skill level 1 in Short Blades
   550 | D        | Reached skill level 5 in Earth Magic
   550 | D        | Reached skill level 1 in Invocations
   819 | D        | Reached *** piety under Dithmenos
   863 | D        | Noticed Crazy Yiuf
   864 | D        | Noticed a sky beast
   920 | D        | Killed Crazy Yiuf
   921 | D        | Reached skill level 8 in Stealth
   921 | D        | Reached skill level 1 in Conjurations
   921 | D        | Reached XP level 5. HP: 24/24 MP: 10/14
  1054 | D        | Reached **** piety under Dithmenos
  1261 | D        | Reached skill level 9 in Stealth
  1261 | D        | Reached XP level 6. HP: 28/28 MP: 14/17
  1296 | D        | Killed a sky beast
  1309 | D        | Reached ***** piety under Dithmenos
  1327 | D        | Noticed a merfolk siren
  1329 | D        | Killed a merfolk siren
  1330 | D        | Reached skill level 5 in Short Blades
  1330 | D        | Reached skill level 11 in Stealth
  1330 | D        | Reached skill level 5 in Invocations
  1330 | D        | Reached XP level 7. HP: 32/32 MP: 16/20
  1356 | D        | Noticed a steam dragon
  1375 | D        | Killed a steam dragon
  1376 | D        | Reached XP level 8. HP: 22/36 MP: 12/22
  1531 | D        | Noticed a four-headed hydra
  1554 | D        | Killed a four-headed hydra
  1554 | D        | Reached ****** piety under Dithmenos
  1555 | D        | Reached skill level 10 in Dodging
  1555 | D        | Reached skill level 12 in Stealth
  2000 | D        | Noticed a lindwurm
  2002 | D        | Killed a lindwurm
  2003 | D        | Reached skill level 13 in Stealth
  2003 | D        | Reached skill level 10 in Spellcasting
  2003 | D        | Reached skill level 5 in Conjurations
  2003 | D        | Reached XP level 9. HP: 36/39 MP: 18/24
  2035 | D        | Noticed a death knight
  2276 | D        | Noticed an eye of devastation
  2280 | D        | Killed an eye of devastation
  2816 | D        | HP: 1/39 [death knight/sling bullet (25)]
  2940 | D        | Noticed Arachne
  2942 | D        | Noticed a cyclops
  2950 | D        | Annihilated by Arachne

Illustrated notes

Levels and vault maps discovered:
D:        pitsprint [storerooms_1, entrance_room_1, metal_vault_1, armoury_2,
          mini_pit_1, grid_room_1, main_hall_1, silver_pit, the_coven_1,
          the_vestibule_1, steel_vault_1, golden_pit, hallway_of_sentries,
          crystal_vault_1, iron_vault_1, final_vault]

Skill      XL: |  1  2  3  4  5  6  7  8  9 |
---------------+----------------------------+-----
Dodging        | 6 7 9 11 | 11.7
Stealth        | 7 8 9 11 13 | 13.8
Spellcasting   | 5 6 7 8 9 10 | 10.8
Earth Magic    | 4 5 6 7 8 |  8.6
Short Blades   | 1 3 5 6 7 8 |  8.2
Invocations    | 1 3 5 7 |  7.7
Conjurations   | 1 2 3 4 5 |  5.6
Transmutations | |  1.3

Action                   |  1- 3 |  4- 6 |  7- 9 || total
-------------------------+-------+-------+-------++-------
Melee: Dagger            |       |     3 |     8 ||    11
Throw: Stone             |       |     1 |     1 ||     2
 Cast: Sandblast         |     2 |    48 |    10 ||    60
       Stone Arrow       |       |       |    24 ||    24
Invok: Shadow Step       |       |       |     1 ||     1
  Use: Potion            |       |     2 |     4 ||     6
 Stab: Sleeping          |       |     2 |     8 ||    10
Dodge: Dodged            |       |    17 |    12 ||    29
